 Dungeon Crawl Stone Soup version 0.28.0-62-gf88900778d (webtiles) character file.

Game seed: 8686197700199748488

9353 Coron the Fighter (level 11, -6/106 HPs)
             Began as a Deep Dwarf Summoner on Mar 25, 2023.
             Was an Elder of the Shining One.
             Mangled by a two-headed ogre
             ... wielding a +0 giant club
              (24 damage)
             ... on level 10 of the Dungeon on Mar 26, 2023.
             The game lasted 00:56:44 (8604 turns).

Coron the Fighter (Deep Dwarf Summoner)             Turns: 8604, Time: 00:56:49

Health: -6/106     AC: 19    Str: 16      XL:     11   Next: 21%
Magic:  9/12       EV:  8    Int: 16      God:    the Shining One [****..]
Gold:   463        SH:  8    Dex: 12 (13) Spells: 10/14 levels left

rFire   . . .      SeeInvis .   v - +8 scythe (freeze)
rCold   . . .      Faith    .   (shield currently unavailable)
rNeg    + + +      Spirit   .   q - +0 chain mail
rPois   .          Reflect  .   a - +2 helmet
rElec   .          Harm     .   B - scarf {+Inv}
rCorr   .          Rampage  .   K - +2 pair of gloves {Stlth+}
Will    +....                   s - +0 pair of boots
Stlth   ..........              (no amulet)
HPRegen 0.00/turn               F - ring of wizardry
MPRegen 0.13/turn               I - ring of positive energy

@: divinely shielded, glowing
A: damage resistance, heal wounds, sense surroundings 2, no regeneration
a: Heal Wounds, Renounce Religion, Evoke Invisibility, Divine Shield, Cleansing
Flame


You were on level 10 of the Dungeon.
You worshipped the Shining One.
The Shining One was greatly pleased with you.
You visited 1 branch of the dungeon, and saw 10 of its levels.

You collected 463 gold pieces.

Inventory:

Hand Weapons
 g - a +0 hunting sling
 v - a +8 scythe of freezing (weapon)
 x - a +0 war axe
 M - a +1 long sword of flaming
Missiles
 b - 29 poisoned darts (quivered)
 e - 359 stones
 i - 87 sling bullets
 C - 3 throwing nets
 D - 5 atropa-tipped darts
Armour
 a - a +2 helmet (worn)
 q - a +0 chain mail (worn)
 s - a +0 pair of boots (worn)
 y - a +0 plate armour
 B - a scarf of invisibility (worn)
 K - a +2 pair of gloves of stealth (worn)
Jewellery
 n - a ring of resist corrosion
 z - a ring of ice
 F - a ring of wizardry (left hand)
 I - a ring of positive energy (right hand)
Wands
 d - a wand of flame (20)
 p - a wand of polymorph (3)
 H - a wand of iceblast (15)
 N - a wand of paralysis (3)
Scrolls
 j - 4 scrolls of teleportation
 k - a scroll of enchant weapon
 r - a scroll of amnesia
 t - 2 scrolls of magic mapping
 u - a scroll of summoning {unknown}
 A - a scroll of fog {unknown}
 L - a scroll of vulnerability {unknown}
 O - a scroll of enchant armour
Potions
 c - 2 potions of attraction
 f - 2 potions of cancellation
 h - 4 potions of brilliance
 l - a potion of haste
 m - a potion of lignification
 o - a potion of ambrosia {unknown}
 w - 2 potions of might {unknown}
 E - 2 potions of curing
 G - a potion of berserk rage {unknown}
 J - 2 potions of mutation {unknown}


   Skills:
 - Level 9.0 Fighting
 - Level 5.0(8.2) Axes
 + Level 8.6(9.0) Polearms
 - Level 9.0 Armour
 - Level 3.0 Dodging
 - Level 2.4 Stealth
 - Level 2.0 Spellcasting
 - Level 4.0 Summonings
 - Level 7.0 Invocations


You had 10 spell levels left.
You knew the following spells:

 Your Spells              Type           Power      Damage    Failure   Level
a - Summon Small Mammal   Summ           56%        N/A       17%         1
b - Call Canine Familiar  Summ           14%        N/A       45%         3

Your spell library contained the following spells:

 Spells                   Type           Power      Damage    Failure   Level
 Call Imp                 Summ           14%        N/A       26%         2
 Summon Guardian Golem    Hex/Summ       8%         N/A       73%         3
 Dazzling Flash           Conj/Hex       2%         N/A       93%         3
 Summon Lightning Spire   Summ/Air       8%         N/A       98%         4
 Iskenderun's Mystic Bla  Conj/Tloc      1%         2d3       100%        4
 Fireball                 Conj/Fire      0%         3d3       100%        5
 Starburst                Conj/Fire      0%         6d3       100%        6
 Ignition                 Fire           0%         3d3       100%        8


Dungeon Overview and Level Annotations

Branches:
Dungeon (10/15)            Temple (0/1) D:7
   Lair: D:8-11         Orc: D:9-12

Altars:
Trog
The Shining One

Shops:
D:5 :   D:9 ?*

Annotations:
D:8 Gastronok


Innate Abilities, Weirdness & Mutations

You are resistant to damage.
You can heal yourself by infusing magical energy.
You passively map the area around you.
You do not regenerate.


Message History

Press: ? - help, Q - select action, (/) - cycle Shift-Dir - straight line, f/p - two-headed ogre
Aim: a two-headed ogre, wielding two +0 giant clubs (76% to hit)
You throw a poisoned dart.
The poisoned dart hits the two-headed ogre.
Throw: 31 darts (poison)
Press: ? - help, Q - select action, (/) - cycle Shift-Dir - straight line, f/p - two-headed ogre
Aim: a two-headed ogre, wielding two +0 giant clubs (haloed, 93% to hit)
You throw a poisoned dart.
The poisoned dart hits the two-headed ogre.
The two-headed ogre is poisoned.
Throw: 30 darts (poison)
Press: ? - help, Q - select action, (/) - cycle Shift-Dir - straight line, f/p - two-headed ogre
Aim: a two-headed ogre, wielding two +0 giant clubs (lightly wounded, poisoned, haloed, 93% to hit)
You throw a poisoned dart.
The poisoned dart barely misses the two-headed ogre.
Throw: 29 darts (poison)
Press: ? - help, Q - select action, (/) - cycle Shift-Dir - straight line, f/p - two-headed ogre
Aim: a two-headed ogre, wielding two +0 giant clubs (lightly wounded, poisoned, haloed, 93% to hit)
Okay, then.
Reach: v) +8 scythe (freeze)
Press: ? - help, Dir - move target, f/p - two-headed ogre
Aim: a two-headed ogre, wielding two +0 giant clubs (lightly wounded, poisoned, haloed, about 6% to evade your +8 scythe of freezing)
You reach to attack!
You hit the two-headed ogre but do no damage.
The two-headed ogre is lightly wounded.
The two-headed ogre hits you with a +0 giant club.
The two-headed ogre completely misses you.
A divine shield forms around you!
You slash the two-headed ogre! You freeze the two-headed ogre.
The two-headed ogre is moderately wounded.
The two-headed ogre barely misses you.
The two-headed ogre hits you with a +0 giant club!
You slash the two-headed ogre! You freeze the two-headed ogre.
The two-headed ogre is severely wounded.
The two-headed ogre hits you with a +0 giant club!
* * * LOW HITPOINT WARNING * * *
The two-headed ogre hits you with a +0 giant club!
* * * LOW HITPOINT WARNING * * *
The two-headed ogre hits you with a +0 giant club!!
You die...

### , #.##### ,
#...[.# * ,,
#.[.#.### ,, *
###.#...# , , ,
#..##.## ##. , , , ,
* ##.....#####..,
,.. ,
,..######..........
, .. *
,,,(..(..O@.....##..
* #. *
(.########.#..#.###
#. #.##.....# #. , ,
#..##..#.## #.
##.<#.##..####. ,
##.#.###...#.. #.#.#
###.#.. * #...#
#.... ##.## ###..


You could see a two-headed ogre (poisoned).

Vanquished Creatures
  Erolcha (D:9)
  Harold (D:8)
  A two-headed ogre (D:8)
  Pikel (D:3)
  An ugly thing (D:9)
  Joseph (D:10)
  2 kobold demonologists (D:9)
  A troll (D:9)
  A shadow (D:6)
  A wyvern (D:9)
  Sigmund (D:5)
  Grum (D:8)
  A wraith (D:9)
  2 steam dragons
  An acid dragon (D:10)
  Duvessa (D:6)
  2 orc warriors (D:8)
  5 necrophages
  2 sky beasts
  3 black bears
  An ice beast (D:6)
  A hornet zombie (D:7)
  2 ogres (D:6)
  3 centaurs
  4 wolves (D:8)
  A phantom (D:6)
  7 kobold brigands
  2 bullfrogs (D:8)
  A gnoll sergeant (D:8)
  2 scorpions (D:6)
  Dowan (D:6)
  12 wights
  8 howler monkeys
  2 centaur zombies
  2 hounds
  A jelly (D:6)
  A bullfrog skeleton (D:5)
  An orc priest (D:6)
  A centaur skeleton (D:4)
  2 iguanas
  3 orc wizards
  A killer bee zombie (D:7)
  A hound skeleton (D:4)
  A howler monkey zombie (D:7)
  A howler monkey skeleton (D:7)
  13 adders
  5 gnolls (D:8)
  2 white imps
  3 ufetubi
  An adder skeleton (D:4)
  An adder zombie (D:5)
  2 worms (D:2)
  4 dart slugs
  24 orcs
  2 bats
  4 endoplasms
  3 giant cockroaches
  6 goblins
  7 hobgoblins
  3 jackals (D:1)
  A quokka (D:4)
  4 ball pythons
  5 frilled lizards
  12 kobolds
  12 rats
206 creatures vanquished.

Vanquished Creatures (collateral kills)
  A ball python (D:1)
  4 endoplasms (D:1)
  3 hobgoblins
  A jackal (D:1)
  A kobold (D:1)
  5 bats
  2 frilled lizards (D:1)
  A rat (D:1)
18 creatures vanquished.

Vanquished Creatures (others)
  A withered plant (D:9)
1 creature vanquished.

Grand Total: 225 creatures vanquished

Notes
Turn   | Place    | Note
-------+----------+-------------------------------------------
     0 | D:1      | Coron the Deep Dwarf Summoner began the quest for the Orb.
     0 | D:1      | Reached XP level 1. HP: 15/15 MP: 3/3
   198 | D:1      | Reached XP level 2. HP: 24/24 MP: 0/5
   253 | D:1      | Learned a level 2 spell: Call Imp
   323 | D:1      | Reached skill level 1 in Fighting
   605 | D:1      | Reached XP level 3. HP: 18/31 MP: 2/6
  1062 | D:2      | Reached skill level 1 in Armour
  1289 | D:2      | Found a faded altar of an unknown god.
  1296 | D:2      | Prayed at the altar of an unknown god.
  1296 | D:2      | Became a worshipper of the Shining One
  1296 | D:2      | Reached * piety under the Shining One
  1380 | D:2      | Reached XP level 4. HP: 34/39 MP: 4/7
  2410 | D:4      | Reached XP level 5. HP: 33/46 MP: 8/8
  2787 | D:4      | Noticed a lemure
  2787 | D:4      | Noticed a lemure
  2787 | D:4      | Noticed Pikel
  3037 | D:4      | Noticed a black bear
  3179 | D:4      | Noticed a lemure
  3179 | D:4      | Noticed a lemure
  3238 | D:3      | Killed Pikel
  3239 | D:3      | Reached skill level 5 in Armour
  3239 | D:3      | Reached XP level 6. HP: 30/57 MP: 9/9
  3239 | D:3      | Reached XP level 7. HP: 34/64 MP: 10/10
  3959 | D:5      | Entered Level 5 of the Dungeon
  3985 | D:5      | Learned a level 3 spell: Call Canine Familiar
  4310 | D:5      | Reached skill level 5 in Fighting
  4470 | D:5      | Noticed Sigmund
  4470 | D:5      | Reached ** piety under the Shining One
  4484 | D:5      | Killed Sigmund
  4485 | D:5      | Reached XP level 8. HP: 26/74 MP: 11/11
  4505 | D:5      | Found Omeidoar's Self-Improvement Boutique.
  4634 | D:6      | Reached skill level 5 in Axes
  4669 | D:6      | Reached skill level 1 in Invocations
  4834 | D:6      | Noticed Dowan
  4850 | D:6      | Noticed Duvessa
  4857 | D:6      | Killed Duvessa
  4858 | D:6      | Reached skill level 5 in Polearms
  4858 | D:6      | Killed Dowan
  4926 | D:6      | Gained mutation: You passively map the area around you.
                  | [Deep Dwarf growth]
  4926 | D:6      | Reached XP level 9. HP: 39/81 MP: 12/12
  5325 | D:7      | Reached skill level 5 in Invocations
  5366 | D:7      | Found a staircase to the Ecumenical Temple.
  5461 | D:7      | Reached *** piety under the Shining One
  5760 | D:7      | Found the +4 robe of Augmentation {Str+4 Int+4 Dex+4}
  5770 | D:7      | Found a bloodstained altar of Trog.
  6331 | D:8      | Identified the +1 ring mail of Toley {Str+2 Dex+4}
  6422 | D:8      | Noticed Gastronok
  6444 | D:8      | Noticed Grum
  6605 | D:8      | Noticed Harold
  6612 | D:8      | Killed Harold
  6613 | D:8      | Reached XP level 10. HP: 21/94 MP: 10/12
  6734 | D:8      | Killed Grum
  7461 | D:9      | Found Ojilekhlo's Assorted Antiques.
  7654 | D:9      | Noticed a two-headed ogre
  7655 | D:9      | Reached **** piety under the Shining One
  7661 | D:9      | Noticed a smoke demon
  7693 | D:9      | Noticed a smoke demon
  7696 | D:8      | Killed a two-headed ogre
  7749 | D:9      | Noticed a brown ugly thing
  7767 | D:9      | Killed a brown ugly thing
  7836 | D:9      | Noticed Erolcha
  7843 | D:9      | Killed Erolcha
  7889 | D:9      | Reached XP level 11. HP: 43/106 MP: 12/12
  7950 | D:9      | Found Geh Jua's Magic Scroll Shop.
  7982 | D:9      | Identified the +2 dagger "Doasep" {vorpal, rF+ rC+ rN+}
  8211 | D:9      | Noticed a soul eater
  8211 | D:9      | Noticed a soul eater
  8314 | D:10     | Entered Level 10 of the Dungeon
  8363 | D:10     | Noticed Joseph
  8370 | D:10     | Killed Joseph
  8596 | D:10     | Noticed a two-headed ogre
  8604 | D:10     | Mangled by a two-headed ogre

Illustrated notes

Levels and vault maps discovered:
D:1:      lightli_arrival_lavapool, layout_rooms, kennysheep_crisscross,
          minmay_pentomino_x2
D:2:      layout_basic, dilly_ecumenical_altar_fadedgnrine,
          minmay_rat_gold_closets
D:3:      layout_basic
D:4:      layout_layer_cave, minmay_circle_x, uniq_pikel
D:5:      layout_loops_cross, nicolae_shop_self_help, uniq_sigmund
D:6:      minmay_diamond_boxcup, layout_cave_pools, uniq_duvessa
D:7:      layout_basic, trog_book, minmay_temple_entry_waves, minmay_bent
D:8:      layout_basic, uniq_gastronok, uniq_harold, uniq_grum
D:9:      layout_gridville, serial_shops,
          nicolae_shop_temple_entry_statues_fountains, shop, serial_undead,
          serial_undead_e, serial_undead_e, serial_undead_d, serial_undead_c,
          chequers_garden, uniq_erolcha
D:10:     layout_rooms, uniq_joseph

Skill      XL: |  1  2  3  4  5  6  7  8  9 10 11 |
---------------+----------------------------------+-----
Spellcasting   | 2 |  2.0
Fighting       | 1 2 4 5 7 9 |  9.0
Summonings     | 4 |  4.0
Armour         | 2 3 5 6 8 9 |  9.0
Axes           | 4 5 |  5.0
Polearms       | 5 6 7 8 |  8.6
Invocations    | 4 5 7 |  7.0
Dodging        | 3 |  3.0
Stealth        | |  2.4

Action                   |  1- 3 |  4- 6 |  7- 9 | 10-12 || total
-------------------------+-------+-------+-------+-------++-------
Melee: Dagger            |   115 |       |       |       ||   115
       Short sword       |    36 |    87 |       |       ||   123
       Punch             |       |     3 |     2 |       ||     5
       War axe           |       |    69 |    66 |       ||   135
       Unarmed           |       |       |    16 |       ||    16
       Scythe            |       |       |   131 |   161 ||   292
 Fire: Hunting sling     |    10 |    43 |    13 |       ||    66
Throw: Dart              |       |       |     2 |     5 ||     7
       Throwing net      |       |       |       |     1 ||     1
 Cast: Summon Small Mamm |    12 |       |       |       ||    12
       Call Imp          |    22 |       |       |       ||    22
Invok: Divine Shield     |       |       |     1 |     2 ||     3
       Cleansing Flame   |       |       |       |     1 ||     1
 Abil: Heal Wounds       |     2 |     3 |     9 |     7 ||    21
Evoke: Wand              |       |       |       |     4 ||     4
  Use: Scroll            |       |     2 |     8 |     4 ||    14
       Potion            |       |     1 |       |     2 ||     3
 Stab: Sleeping          |     4 |       |       |       ||     4
Armor: Robe              |    22 |       |       |       ||    22
       Leather armour    |     5 |     3 |       |       ||     8
       Ring mail         |       |    64 |    14 |       ||    78
       Scale mail        |       |       |    82 |       ||    82
       Skin              |       |       |     1 |       ||     1
       Chain mail        |       |       |    13 |   127 ||   140
Dodge: Dodged            |   102 |    85 |   134 |    83 ||   404
Block: Other             |       |       |     4 |       ||     4
